 Dungeon Crawl Stone Soup version 0.16-a0-3154-g62f4276 (webtiles) character file.

61 Phoenix the Cudgeler (level 3, 0/25 HPs)
             Began as a Lacertilian Berserker on Mar 12, 2015.
             Was a Priest of Trog.
             Slain by Crazy Yiuf
             ... wielding a +3 quarterstaff of chaos
              (6 damage)
             ... on level 2 of the Dungeon.
             The game lasted 00:05:57 (1556 turns).

Phoenix the Cudgeler (Lacertilian Berserker)        Turns: 1556, Time: 00:05:58

Health: 0/25       AC:  5    Str: 16    XL:     3   Next: 83%
Magic:  3/3        EV: 12    Int: 11    God:    Trog [***...]
Gold:   58         SH:  0    Dex: 14    Spells: 0 memorised, 2 levels left

rFire  . . .     SeeInvis .     a - +0 mace
rCold  . . .     Clarity  .     b - +0 animal skin
rNeg   . . .     SustAb   .     (no shield)
rPois  .         Gourm    .     (no helmet)
rElec  .         Spirit   .     (no cloak)
rCorr  .         Warding  .     (no gloves)
rMut   .         Stasis   .     (no boots)
MR     .....                    (no amulet)
Stlth  +++.......               (no ring)
                                d - +4 ring of intelligence

@: drained, not resistant to hostile enchantments, fairly stealthy
A: strong connection with the divine, slimy green scales 2, camouflage 1
a: Burn Spellbooks, Berserk, Trog's Hand, Renounce Religion


You were on level 2 of the Dungeon.
You worshipped Trog.
Trog was most pleased with you.
You were very hungry.

You visited 1 branch of the dungeon, and saw 2 of its levels.

You collected 58 gold pieces.

Inventory:

Hand weapons
 a - a +0 mace (weapon)
Armour
 b - a +0 animal skin (worn)
Jewellery
 d - a +4 ring of intelligence (left hand)
Scrolls
 f - a scroll of teleportation {unknown}
 g - a scroll of recharging {unknown}
 h - a scroll of magic mapping {unknown}
 j - 2 scrolls of identify {unknown}
 k - 2 scrolls of enchant armour {unknown}
Potions
 e - a potion of curing {unknown}
 i - a potion of might {unknown}
Comestibles
 c - a bread ration
 l - 2 beef jerkies


   Skills:
 - Level 2.4(2.1) Fighting
 + Level 3.6(3.3) Maces & Flails
 - Level 2.0(1.7) Armour
 - Level 2.0(1.7) Dodging
 * Level 3.1(2.9) Stealth


You had 2 spell levels left.
You didn't know any spells.

Dungeon Overview and Level Annotations

Branches:
Dungeon (2/15)

Altars:
Ru

Annotations:
D:2 Crazy Yiuf, Ijyb


Innate Abilities, Weirdness & Mutations

You have a strong connection with the divine.
You may change religions without suffering divine wrath.
You are mostly covered in slimy green scales (AC +3).
Your skin changes colour to match your surroundings (Stealth).


Message History

You hit Crazy Yiuf but do no damage. Crazy Yiuf closely misses you.
You barely miss Crazy Yiuf.
Crazy Yiuf hits you with a quarterstaff of chaos.
You feel drained.
You barely miss Crazy Yiuf.
Crazy Yiuf hits you with a quarterstaff of chaos!
You hit Crazy Yiuf.
Your tail-slap misses Crazy Yiuf.
Crazy Yiuf is lightly wounded.
Crazy Yiuf barely misses you.
You hit Crazy Yiuf but do no damage.
Crazy Yiuf is lightly wounded.
Crazy Yiuf closely misses you.
You closely miss Crazy Yiuf.
Crazy Yiuf is lightly wounded.
Crazy Yiuf hits you with a quarterstaff of chaos.
* * * LOW HITPOINT WARNING * * *
Crazy Yiuf burns you.
* * * LOW HITPOINT WARNING * * *
Crazy Yiuf hits you with a quarterstaff of chaos.
You die...

######## ♣♣♣♣♣### .......# ####
♣♣♣.♣.P..## ######.#
#...#♣..♣......## #.#
#..g@.♣♣♣♣PP...[##### #.# #)..#♣♣
♣♣♣....#...# #.# #### ♣##.......
#####.#### ##...... #........#
#.).... ##.###.#[.##########
#)#...#
....##.#...........########.#..##
###.##.#.#####.###..........#..#
.##.##.#.# #.# #.##########..#


You could see Crazy Yiuf.

Vanquished Creatures
  2 adders (D:2)
  A worm (D:2)
  A ball python (D:1)
  6 bats
  4 hobgoblins
  4 jackals (D:1)
  5 kobolds
  A giant cockroach (D:1)
  2 giant geckos (D:2)
  5 goblins
  A quokka (D:2)
  4 rats
  2 fungi (D:2)
38 creatures vanquished.

Notes
Turn   | Place    | Note
--------------------------------------------------------------
     0 | D:1      | Phoenix, the Lacertilian Berserker, began the quest for the Orb.
     0 | D:1      | Reached XP level 1. HP: 15/15 MP: 1/1
    64 | D:1      | Reached skill level 1 in Stealth
   113 | D:1      | Reached XP level 2. HP: 13/20 MP: 2/2
   145 | D:1      | Reached skill level 3 in Maces & Flails
   342 | D:1      | Acquired Trog's second power
   823 | D:2      | Reached XP level 3. HP: 25/25 MP: 3/3
  1189 | D:2      | Noticed Ijyb
  1344 | D:2      | Found a sacrificial altar of Ru.
  1547 | D:2      | Noticed Crazy Yiuf
  1556 | D:2      | Slain by Crazy Yiuf

Action                   || total
-------------------------++-------
Melee: Mace              ||   124
 Stab: Sleeping          ||     8
  Eat: Chunk             ||     1
